 Dungeon Crawl Stone Soup version 0.30-a0-165-g1891117ce2 (webtiles) character file.

Game seed: 6717180498586761324

60 qw the Chopper (level 4, -1/28 HPs)
             Began as a Gargoyle Fighter on Sept 28, 2022.
             Killed from afar by Sigmund (10 damage)
             ... with a puff of flame
             ... on level 2 of the Dungeon.
             The game lasted 00:00:24 (1510 turns).

qw the Chopper (Gargoyle Fighter)                   Turns: 1510, Time: 00:00:25

Health: -1/28      AC: 10    Str: 22    XL:     4   Next: 4%
Magic:  4/4        EV:  9    Int:  8    God:
Gold:   92         SH:  4    Dex:  9    Spells: 3/3 levels left

rFire   . . .      SeeInvis .    Y - +0 war axe
rCold   . . .      Faith    .    c - +0 buckler
rNeg    + . .      Spirit   .    b - +0 scale mail
rPois   inf        Reflect  .    (no helmet)
rElec   +          Harm     .    (no cloak)
rCorr   .          Rampage  .    (no gloves)
Will    .....                    (no boots)
Stlth   ..........               (no amulet)
HPRegen 0.09/turn                (no ring)
MPRegen 0.09/turn                (no ring)

@: no status effects
A: sickness immunity, AC +3, negative energy resistance 1, electricity
resistance, torment resistance 1, petrification resistance
a: no special abilities


You were on level 2 of the Dungeon.
You visited 1 branch of the dungeon, and saw 2 of its levels.

You collected 92 gold pieces.


Innate Abilities, Weirdness & Mutations

You are immune to sickness and miasma.
Your stone body is resilient. (AC +3)
You are immune to poison.
You resist negative energy. (rN+)
You are resistant to electric shocks. (rElec)
You are resistant to unholy torment.
You are immune to petrification.


   Skills:
 - Level 3.2 Fighting
 + Level 3.8 Axes
 - Level 3.2 Armour
 - Level 3.2 Shields


You had 3 spell levels left.
You didn't know any spells.
Your spell library was empty.

Inventory:

Hand Weapons
 e - a +0 whip
 Y - a +0 war axe (weapon)
Armour
 b - a +0 scale mail (worn)
 c - a +0 buckler (worn)
Scrolls
 a - a scroll of teleportation
Potions
 d - 2 potions of might
 f - a potion of ambrosia {unknown}
 g - a potion of haste {unknown}
 j - a potion of mutation {unknown}

Dungeon Overview and Level Annotations

Branches:
Dungeon (2/15)

Altars:

Annotations:
D:2 Sigmund


Message History

The kobold throws a stone.
The stone closely misses you.
The kobold throws a stone.
You block the stone.
You barely miss the kobold. You block the kobold's attack.
You hit the kobold.
You kill the kobold!
Things that are here:
a +0 club; a stone; a kobold corpse
Found a crooked copper wand.
A frilled lizard comes into view.
1456 ||| Stepping ~*~*~tactically~*~*~ (stealth).
The frilled lizard hisses angrily.
You slash the frilled lizard!
You kill the frilled lizard!
You see here a frilled lizard corpse.
A giant cockroach comes into view.
Enter note: You barely miss the giant cockroach.
The giant cockroach barely misses you. The giant cockroach closely misses you.
You slash the giant cockroach!
You kill the giant cockroach!
You see here a giant cockroach corpse.
Sigmund the Dreaded comes into view.
He is wielding a +0 scythe.
Found a stone staircase leading down.
Sigmund shouts!
You hear a shout!
A goblin comes into view. It is wielding a +0 dagger.
Sigmund hits you with a +0 scythe.
You closely miss Sigmund.
Sigmund points at you and mumbles some strange words.
You are confused.
You bump into the rock wall.
Sigmund hits you with a +0 scythe.
You miss Sigmund. Sigmund attacks as you move away!
Sigmund hits you with a +0 scythe! Sigmund misses you.
You closely miss Sigmund.
You feel less confused. Sigmund gestures at you while chanting.
The puff of flame hits you!
You die...

## ## ##. .
..# #. ..#.
... #
#.#####.#.
####..g..>...
##....@@......
#......#####..
#..##..# #.
#..# #
#..#####.##
#..........
#..#####.#.
#.## #.. #.#
#.# #.#


You could see Sigmund and a goblin.

Vanquished Creatures
  Jessica (D:2)
  An adder (D:2)
  A ball python (D:1)
  4 endoplasms (D:1)
  2 giant cockroaches (D:2)
  A goblin (D:1)
  A hobgoblin (D:1)
  3 kobolds
  3 quokkas (D:1)
  A bat (D:1)
  3 frilled lizards
  3 rats (D:1)
24 creatures vanquished.

Notes
Turn   | Place    | Note
-------+----------+-------------------------------------------
     0 | D:1      | qw the Gargoyle Fighter began the quest for the Orb.
     0 | D:1      | Reached XP level 1. HP: 14/14 MP: 1/1
     0 | D:1      | 0 ||| qw: Version: 0.2-a-12-gaebbb33
     0 | D:1      | 0 ||| qw: Game counter: 752
     0 | D:1      | 0 ||| qw: Always use a shield: true
     0 | D:1      | 0 ||| qw: God list: Okawaru
     0 | D:1      | 0 ||| qw: Allow faded altars: false
     0 | D:1      | 0 ||| qw: Do Orc after D:15 true
     0 | D:1      | 0 ||| qw: Do second Lair branch before Depths: true
     0 | D:1      | 0 ||| qw: Lair rune preference: random
     0 | D:1      | 0 ||| qw: Plans: Normal, Zot:1-4, God:TSO, Crypt, Tomb,
                  | Pan, Slime:5, Hells, Abyss, Orb
     0 | D:1      | 0 ||| PLANNING D:1-11
   353 | D:1      | Reached XP level 2. HP: 19/19 MP: 2/2
   372 | D:1      | Found a faded altar of an unknown god.
  1123 | D:1      | Reached skill level 3 in Axes
  1188 | D:1      | 1188 ||| READING scroll labelled AROGOA ZOTICA.
  1192 | D:1      | 1192 ||| DRINKING 2 brown potions.
  1193 | D:1      | 1193 ||| DROPPING potion of flight.
  1210 | D:2      | Noticed Jessica
  1215 | D:2      | Killed Jessica
  1216 | D:2      | Reached XP level 3. HP: 10/23 MP: 3/3
  1436 | D:2      | Reached XP level 4. HP: 28/28 MP: 4/4
  1456 | D:2      | 1456 ||| Stepping ~*~*~tactically~*~*~ (stealth).
  1503 | D:2      | Noticed Sigmund
  1510 | D:2      | Killed from afar by Sigmund

Levels and vault maps discovered:
D:1:      giann_wishing_wells, layout_basic, hellmonk_ecumenical_altar_lost_god
D:2:      layout_loops_ring, minmay_between, uniq_jessica, uniq_sigmund

Skill      XL: |  1  2 |
---------------+-------+-----
Axes           | 2 3 |  3.8
Fighting       | |  3.2
Armour         | |  3.2
Shields        | |  3.2

Action                   |  1- 3 |  4- 6 || total
-------------------------+-------+-------++-------
Melee: War axe           |    65 |     8 ||    73
  Use: Scroll            |     1 |       ||     1
       Potion            |     1 |       ||     1
Armor: Scale mail        |    30 |       ||    30
Dodge: Dodged            |    33 |     4 ||    37
Block: Buckler           |     8 |     2 ||    10

Table legend:
 A = Non-vault XP
 B = Vault XP
 C = Vault XP percentage of total XP
 D = Non-vault monster count
 E = Vault monster count
 F = Vault count percentage of total count
                 A         B        C        D         E       F
            +---------+---------+-------+---------+---------+-------
      Total |      49 |      37 |  43.0 |      23 |       1 |   4.2
            +---------+---------+-------+---------+---------+-------
        D:1 |      30 |       0 |   0.0 |      18 |       0 |   0.0
        D:2 |      19 |      37 |  66.1 |       5 |       1 |  16.7
            +---------+---------+-------+---------+---------+-------
